[Event "20th Delhi GM Open 2023"]
[Site "New Delhi"]
[Date "2023.03.28"]
[Round "8.9"]
[White "Fedorov, Alexei"]
[Black "Suyarov, Mukhammadzokhid"]
[Result "1-0"]
[ECO "C01"]
[WhiteElo "2477"]
[BlackElo "2281"]
[Annotator "TA"]
[PlyCount "85"]
[EventDate "2023.03.23"]
[EventType "swiss"]
[EventCountry "IND"]
[SourceTitle "playchess.com"]
[Source "ChessBase"]
[SourceQuality "1"]
[TimeControl "5400+30"]

1. e4 e6 2. d4 d5 3. Nc3 Nf6 4. exd5 exd5 5. Bg5 c6 6. Qd2 {[%emt 0:02:22] C01: French: Exchange Variation.} h6 7. Bf4 Bb4 {[%emt 0:05:34] [#]} 8. f3 $146 {[%emt 0:01:49] Prevents Ne4. The position is equal.} ({Predecessor:} 8. Bd3 O-O 9. Nge2 c5 10. dxc5 Kh8 11. a3 Bxc5 12. O-O Nc6 13. Rad1 Be6 14. h3 a6 15. Ng3 b5 16. Bxh6 gxh6 17. Qxh6+ Kg8 18. Nh5 {1-0 Voicu Jagodzinsky,C (2247)-Stangl,A (2005) GER-ch Blitz (Women) 2021 (14)}) 8... Qe7+ 9. Nge2 Be6 10. a3 Bd6 11. Bxd6 Qxd6 12. Nf4 Nbd7 13. Bd3 g5 14. Nfe2 O-O-O 15. O-O-O Rdg8 16. h4 g4 17. Nf4 {[%emt 0:00:43] Prevents Nh5} (17. f4 $5 Nb6 18. Ng3 $11) 17... gxf3 18. gxf3 Ne8 19. Nce2 Nf8 20. Rde1 Ng7 21. Rhg1 Qd8 22. Rg2 {[%emt 0:03:04] Strongly threatening Reg1.} Nd7 (22... Ne8 $11) 23. Reg1 $16 Qf8 24. Qa5 a6 {[%emt 0:02:51] [#]} 25. Bxa6 {[%emt 0:03:23] White is much more active.} bxa6 (25... Nf5 $11) 26. Qxa6+ Kc7 {[%emt 0:04:59] [#]} 27. Qa5+ (27. c4 $1 $16 ) 27... Kb7 $11 ({Resist} 27... Kb8 28. Qb4+ Qxb4 29. axb4 $14) 28. Qb4+ Qxb4 29. axb4 Rh7 30. Nh5 Nxh5 31. Rxg8 Ndf6 32. Rf8 Bd7 33. Kd2 $36 {[%emt 0:03:51][%mdl 2048] Black is under pressure.} Be8 34. Ng3 Ng7 {[%emt 0:00:42] [#]} (34... Nxg3 $11 {remains equal.} 35. Rxg3 Kc7) 35. Re1 $1 $16 {[%emt 0:01:10] Hoping for Re7+.} Kc7 36. Re7+ Kd8 $2 {[%emt 0:01:19][%mdl 8192] Loses the game.} (36... Kd6 $16 {was necessary.} 37. Rb7 Ke6) 37. Rexf7 $18 Ne6 38. Rxf6 Nxf8 39. Rxf8 Rg7 40. Nf5 Rg2+ 41. Kc3 Kd7 42. Ne3 {[%emt 0:07:23] Prevents h5.} ({Don't play} 42. Nxh6 Ke7 $18) 42... Re2 (42... Rh2 {was worth a try.} 43. Ng4 Rh3 44. Nf6+ Ke7 45. Rxe8+ Kf7) 43. Kd3 {[%emt 0:00:50] Weighted Error Value: White=0.13 (very precise) /Black=0.32} 1-0

[Event "20th Delhi GM Open 2023"]
[Site "New Delhi"]
[Date "2023.03.29"]
[Round "9.1"]
[White "Aravindh, Chithambaram VR."]
[Black "Murzin, Volodar"]
[Result "1-0"]
[ECO "B12"]
[WhiteElo "2607"]
[BlackElo "2554"]
[Annotator "TA"]
[PlyCount "79"]
[EventDate "2023.03.23"]
[EventType "swiss"]
[EventCountry "IND"]
[SourceTitle "playchess.com"]
[Source "ChessBase"]
[SourceQuality "1"]
[TimeControl "5400+30"]

1. e4 c6 2. d4 d5 3. e5 Bf5 4. h4 h5 5. Bg5 Qb6 6. Bd3 {[%emt 0:00:11] B12: Caro-Kann: Advance Variation.} Bxd3 (6... Qxd4 $5 7. Nf3 Qxb2 $15) 7. Qxd3 e6 (7... Qxb2 $17 8. Qb3 Qxb3 9. axb3 e6) 8. Nd2 $11 {[%emt 0:00:09] Active counter play! The position is equal.} Ne7 9. Ne2 Nf5 10. O-O Nd7 11. c4 Be7 12. Bxe7 Nxe7 {[%emt 0:00:23] [#]} 13. b4 $5 $146 {[%emt 0:00:39][%mdl 8] An interesting novelty.} ({Predecessor:} 13. c5 Qd8 14. b4 Nf5 15. g3 g5 16. hxg5 Qxg5 17. Nf3 Qg7 18. Nh2 Nf8 19. b5 {1-0 Morozevich,A (2656)-Dreev,A (2670) Tula Starodubtsev Memorial 5th rapid 2019 (5)}) 13... Nf5 14. g3 Qd8 15. cxd5 cxd5 16. Nf4 g6 17. Rfc1 Rc8 18. Nf1 Rc4 19. Rxc4 dxc4 20. Qxc4 O-O (20... Nb6 $1 $11 21. Qb5+ Qd7 22. Qxd7+ Kxd7) 21. Ne3 {[%emt 0:04:22] Strongly threatening Nxf5.} Nb6 22. Qf1 Nxd4 ({Better is} 22... Nxe3 $14 23. fxe3 Nd5) 23. Rd1 $16 {[%emt 0:00:22] Black must now prevent Kg2.} Qd7 $2 {[%emt 0:00:02] [#] Loses the game.} (23... Na4 $16 {keeps fighting.}) 24. Qg2 $1 $18 Rd8 (24... Nc4 $142) 25. Qe4 Nc4 {[%emt 0:05:19] [#]} 26. Ned5 (26. Nxc4 Nf3+ 27. Qxf3 Qxd1+ 28. Kg2 Qxf3+ 29. Kxf3 Rd4 $11) 26... exd5 27. Qxd4 Nb6 {[%emt 0:02:59] [#]} 28. e6 $1 Qe7 29. Re1 {[%emt 0:02:39] Threatens to win with exf7+.} Rd6 30. Qe5 (30. Qc5 $142 Kf8 31. a4) 30... Nc4 31. Qe2 $40 {[%emt 0:07:56][%mdl 128] Qd3 is the strong threat. White is out for blood.} b5 (31... fxe6 {is a better defense.} 32. Nxg6 (32. Nxe6 b5 $14) 32... Qf7 33. Qxh5 Kg7) 32. Qd3 fxe6 33. Qxg6+ (33. Nxg6 Qh7 $11) 33... Qg7 34. Qe8+ ({Not} 34. Qxh5 e5 35. Qe8+ Qf8 36. Rxe5 (36. Qxb5 a6 $16) 36... Nxe5 37. Qxe5 Qd8 $18) (34. Rxe6 Qxg6 35. Rxg6+ Rxg6 36. Nxg6 Na3 37. Ne7+ Kf7 38. Nxd5 Nc2 $18) 34... Qf8 35. Qxh5 e5 36. Ng6 {[%emt 0:00:13][%cal Bf4g6,Bg6e5,Be5d3,Bd3e1,Be1d3][%mdl 32] White is clearly winning.} Qf6 37. Nxe5 Re6 38. Nd3 Rxe1+ 39. Nxe1 Qe6 40. Nd3 {[%emt 0:00:33] Weighted Error Value: White=0.16 (very precise) /Black=0.36} 1-0

[Event "20th Delhi GM Open 2023"]
[Site "New Delhi"]
[Date "2023.03.29"]
[Round "9.2"]
[White "Pantsulaia, Levan"]
[Black "Neelash Saha"]
[Result "1-0"]
[ECO "A07"]
[WhiteElo "2597"]
[BlackElo "2444"]
[Annotator "TA"]
[PlyCount "81"]
[EventDate "2023.03.23"]
[EventType "swiss"]
[EventCountry "IND"]
[SourceTitle "playchess.com"]
[Source "ChessBase"]
[SourceQuality "1"]
[TimeControl "5400+30"]

1. Nf3 d5 2. g3 g6 3. Bg2 Bg7 4. O-O e5 5. d3 Nc6 6. c3 a5 7. a4 Nge7 8. Na3 O-O 9. e4 h6 10. exd5 Nxd5 11. Nc4 Be6 {[%emt 0:05:02] A07: Réti Opening: New York and Capablanca Systems.} ({Better is} 11... Re8 $11) 12. Re1 $14 f6 $1 {[%emt 0:00:17] [#]} 13. d4 $146 ({Predecessor:} 13. Qc2 Nde7 14. Be3 b6 15. Rad1 Qe8 16. Bc1 Qf7 17. b3 Bd5 18. Ba3 Rfd8 19. Qe2 {0-1 Gevorgyan,D (2141)-Feller,S (2513) Wch U20 46th 2007 (12)}) 13... Nxc3 {[%emt 0:01:55][%mdl 64] Discovered Attack. White is slightly better.} 14. bxc3 (14. Qd3 Nd5 15. Bxh6 (15. Qxg6 Nde7 $15) 15... Bf5 $11) 14... Bxc4 15. Ba3 Re8 16. Qb1 e4 $2 {[%emt 0:18:15] Black is on the road to losing.} (16... exd4 $11 17. Qxb7 Qd7 18. Nxd4 Rxe1+ 19. Rxe1 Re8) 17. Nd2 $16 Bd5 18. Nxe4 (18. Bxe4 $6 f5 19. Bxd5+ Qxd5 $14) 18... Kh8 19. Qb5 {[%emt 0:07:09][%cal Oe4f6] Strongly threatening Nxf6!} Na7 20. Qd3 {[%emt 0:00:08][%cal Oe4d6] White has more active pieces.} (20. Qxa5 $6 b6 21. Qa6 Nc8 $16) 20... Bc6 21. Nc5 Bxg2 22. Kxg2 Qd5+ {[%emt 0:00:04] [#]} 23. Qf3 $1 Qxf3+ 24. Kxf3 Rxe1 25. Rxe1 Bf8 {[%emt 0:00:03] [#]} 26. Bc1 $1 Bxc5 27. dxc5 {[%emt 0:00:01][%mdl 4096] Endgame KRB-KRN} Nc6 28. Bxh6 g5 (28... Ne5+ $16 29. Kg2 Kg8) 29. Kg4 $18 Kh7 30. Kh5 Rd8 31. Re6 Rd5 {[%emt 0:03:14] Hoping for ...g4+.} 32. Rxf6 {[%emt 0:00:00] And now Rf7+ would win.} g4+ 33. Bg5 ({Inferior is} 33. Kxg4 Ne5+ 34. Kf4 Nd7 $11) 33... Kg7 34. Rf4 ({Don't take} 34. Kxg4 Ne5+ 35. Kh5 Nf7 $18) 34... Rxc5 35. Rxg4 ({Not} 35. Kxg4 Ne5+ 36. Kh5 Nd7 $18) 35... Ne7 36. Rf4 c6 37. c4 {[%emt 0:01:43] aiming for Rd4.} Nc8 38. h4 {[%emt 0:00:21] White is clearly winning.} Nb6 39. Re4 Rf5 40. f4 {[%emt 0:03:53] Threatens to win with g4.} Nxa4 41. g4 {[%emt 0:00:33] Weighted Error Value: White=0.02 (flawless) /Black=0.26 (precise)} 1-0

[Event "20th Delhi GM Open 2023"]
[Site "New Delhi"]
[Date "2023.03.29"]
[Round "9.3"]
[White "Deepan Chakkravarthy J."]
[Black "Mchedlishvili, Mikheil"]
[Result "1/2-1/2"]
[ECO "C67"]
[WhiteElo "2432"]
[BlackElo "2569"]
[Annotator "TA"]
[PlyCount "29"]
[EventDate "2023.03.23"]
[EventType "swiss"]
[EventCountry "IND"]
[SourceTitle "playchess.com"]
[Source "ChessBase"]
[SourceQuality "1"]
[TimeControl "5400+30"]

1. e4 e5 2. Nf3 Nc6 3. Bb5 Nf6 4. O-O Nxe4 5. d4 Nd6 6. dxe5 Nxb5 7. a4 Nbd4 8. Nxd4 Nxd4 9. Qxd4 d5 10. exd6 Qxd6 11. Qe4+ Qe6 12. Qd4 Qd6 13. Qe4+ Qe6 14. Qd4 {[%emt 0:00:05] [#]} Qd6 $146 ({Predecessor:} 14... f6 15. Nc3 c6 16. Bf4 Kf7 17. Rad1 Qf5 18. Rfe1 Be6 19. Bd6 Rd8 20. Ne4 Bd5 21. Ng3 Qxc2 22. Bxf8 Rhxf8 23. Qxa7 {0-1 Vokhidov,S (2601)-Nakamura,H (2768) Titled Tuesday intern op 14th Feb Early blitz 2023 (8)}) 15. Qe4+ {[%emt 0:01:20] Not much happened in this game.  C67: Ruy Lopez: Berlin Defence: 4 0-0 Nxe4.} 1/2-1/2

[Event "20th Delhi GM Open 2023"]
[Site "New Delhi"]
[Date "2023.03.29"]
[Round "9.4"]
[White "Stupak, Kirill"]
[Black "Savchenko, Boris"]
[Result "0-1"]
[ECO "A32"]
[WhiteElo "2413"]
[BlackElo "2552"]
[Annotator "TA"]
[PlyCount "64"]
[EventDate "2023.03.23"]
[EventType "swiss"]
[EventCountry "IND"]
[SourceTitle "playchess.com"]
[Source "ChessBase"]
[SourceQuality "1"]
[TimeControl "5400+30"]

1. d4 e6 2. g3 c5 3. Nf3 Nf6 4. c4 cxd4 5. Nxd4 Qc7 6. Nc3 a6 7. Bg2 Qxc4 8. Bf4 {[%emt 0:00:08] And now Rc1 would win.} Nc6 {[%emt 0:02:37] A32: Symmetrical English: 2 Nf3 Nf6 3 d4 cxd4 4 Nxd4 e6.} 9. Nb3 Bb4 $5 {[%emt 0:01:37][%mdl 4] An interesting side line.} 10. O-O (10. Rc1 {feels hotter.} Ne4 11. Nd2 Bxc3 12. O-O) 10... Bxc3 {[%emt 0:10:57] [#] The position is equal.} 11. bxc3 $146 ({Predecessor:} 11. Rc1 Ne4 12. Bxe4 Qxe4 13. Rxc3 d5 14. Nc5 Qf5 15. Na4 e5 16. Nb6 Rb8 17. Nxc8 {½-½ Gelfand,B (2717)-Pantsulaia,L (2578) FIDE World Cup 2005 (3.1)}) 11... d5 12. Bd6 e5 (12... Qxc3 $2 13. Rc1 Qb2 14. Rc2 $18) (12... Bd7 $14) 13. Nd2 $16 Qxc3 14. Nb3 $1 {[%emt 0:00:03] Hoping for Rc1.} Qc4 15. Rc1 Qg4 {[%emt 0:09:13] [#]} 16. Nc5 $1 h5 $1 17. Bxd5 (17. h4 $14) 17... Nxd5 $11 18. Qxd5 Qd4 $36 {[%emt 0:00:35][%mdl 2048] Black is more active.} 19. Qxd4 Nxd4 20. Rfe1 Nc6 21. Red1 f6 22. a4 {[%emt 0:02:32] [#]} (22. f4 $11) 22... Nd4 $1 $17 23. Kg2 (23. Kf1 $17) 23... Nxe2 $19 24. Rc2 Nd4 25. Rb2 h4 26. f3 (26. f4 $17) 26... hxg3 27. hxg3 Bh3+ 28. Kf2 Rd8 29. Bc7 Rd5 30. Nd3 Bf5 31. Ke3 Rh3 32. Nb4 $2 {[%emt 0:00:58] [#]} (32. Bb6) 32... Nc2+ $1 {[%emt 0:00:16][%mdl 576] Discovered Attack.   Weighted Error Value: White=0.52/Black=0.09 (flawless)} 0-1

[Event "20th Delhi GM Open 2023"]
[Site "New Delhi"]
[Date "2023.03.29"]
[Round "9.5"]
[White "Anuj Shrivatri"]
[Black "Krasenkow, Michal"]
[Result "1/2-1/2"]
[ECO "A53"]
[WhiteElo "2407"]
[BlackElo "2527"]
[Annotator "TA"]
[PlyCount "174"]
[EventDate "2023.03.23"]
[EventType "swiss"]
[EventCountry "IND"]
[SourceTitle "playchess.com"]
[Source "ChessBase"]
[SourceQuality "1"]
[TimeControl "5400+30"]

1. Nf3 d6 2. d4 Bg4 3. e3 Nf6 4. c4 Nbd7 5. Nc3 c6 6. Be2 e5 7. O-O Be7 8. e4 {[%emt 0:03:53] A53: Old Indian Defence without Nf3.} O-O 9. Be3 a6 10. d5 {[%emt 0:06:38] White has an edge.} cxd5 11. cxd5 b5 12. Nd2 Bxe2 13. Qxe2 Qb8 {[%emt 0:00:23] [#]} 14. Rfc1 $146 {[%emt 0:13:26] White is more active.} ({Predecessor:} 14. a4 b4 15. Na2 Rc8 16. Rfc1 Qb7 17. b3 Bd8 18. Rc4 a5 19. Rac1 Bb6 20. Rc6 Bxe3 21. Qxe3 {1-0 Dinstuhl,V (2412)-Neidhardt,C (2429) Bundesliga 0001 2000 (3.7)}) 14... Rc8 15. a3 (15. a4 $5 ) 15... Qb7 16. Na2 (16. a4 $5 ) 16... a5 17. Rxc8+ Rxc8 18. Rc1 (18. Nc3 $16) 18... Rxc1+ $11 19. Nxc1 Qc7 (19... Nc5 $11) 20. Nf1 (20. Na2 $1 $16) 20... b4 21. axb4 Nxe4 22. Qb5 axb4 23. Nd3 {[%emt 0:02:54] [#]} b3 $1 24. Nb4 (24. Qxb3 Bf8) 24... Nec5 25. Nc6 Bf8 26. Nd2 Nf6 27. Bxc5 dxc5 28. Qxb3 (28. Nxb3 Qd6 29. Qb8 Nxd5 30. Qxd6 Bxd6 $17) 28... Qd6 29. Nc4 $1 Qxd5 30. N6xe5 {[%emt 0:00:10] A dynamic duo of knights.} Qe4 (30... Bd6 {simplifies} 31. Nd3 Ne4 32. Qc2 Bf8) 31. g3 Ng4 32. Nxg4 Qxg4 {[%emt 0:00:03][%mdl 4096] Endgame KQB-KQN} 33. Qd3 Qe6 34. b3 g6 35. Kg2 h5 36. Qe3 Qd5+ 37. Qf3 Qd7 38. h4 Bg7 39. Qa8+ Kh7 40. Qf3 Bd4 41. Qe4 Kg7 42. Qf3 Qe6 43. Nd2 Qf6 44. Ne4 Qxf3+ 45. Kxf3 {[%emt 0:00:04] KB-KN} Kf8 46. Ng5 Ke7 47. Ke2 f6 48. Nf3 {[%emt 0:01:00] Threatens to win with Nxd4.} Bc3 49. Kd3 Bb4 50. Ng1 Ke6 51. Ke4 Kd6 52. Nh3 Bd2 53. Nf4 Bxf4 54. gxf4 {[%emt 0:00:04] KP-KP} Kc6 55. f5 gxf5+ 56. Kxf5 {[%emt 0:00:01] K3P-K3P} Kb5 $1 57. Ke6 ({Don't take} 57. Kxf6 $6 Kb4 $16) 57... Kb4 58. Kd6 (58. Kd5 $11) 58... f5 {[%emt 0:00:17][%cal Of5f4] ( -> ...f4!)} 59. f4 $1 Kb5 60. Kd5 Kb4 61. Kd6 Kb5 $1 62. Ke5 Kb4 63. Kd5 $1 Kb5 {[%emt 0:00:08] [#]} 64. Kd6 ({White must play} 64. Ke6 $1 $16) 64... Kb4 65. Kd5 Kb5 $1 66. Ke5 Kb4 67. Kxf5 Kxb3 {[%emt 0:00:05] KPP-KPP} 68. Kg6 c4 69. f5 c3 70. f6 c2 71. f7 c1=Q 72. f8=Q {[%emt 0:00:08] KQ-KQ} Qd1 {[%emt 0:02:47] Prevents Qf3+.} 73. Qf7+ Kb2 (73... Kb4 $11) 74. Qf6+ (74. Kh6 $16) 74... Kb1 (74... Kb3 $11 {keeps the balance.}) 75. Qf5+ Ka1 {[%emt 0:00:06][%cal Od1c2] [#]} 76. Qa5+ (76. Qxh5 $6 Qd6+ 77. Kg7 Qe7+ 78. Kh6 Qf6+ 79. Qg6 (79. Kh7 Qe7+ 80. Kh8 Qf8+ 81. Kh7 Qe7+ 82. Kh6 Qf6+ 83. Qg6 Qxh4+ 84. Kg7 Qe7+ 85. Kh6 Qh4+ 86. Kg7 Qe7+ 87. Kh6 Qh4+ $11) 79... Qxh4+ 80. Kg7 Qe7+ 81. Kh6 Qh4+ 82. Kg7 Qe7+ 83. Kh6 Qh4+ $11) (76. Kh6 $1 $16) 76... Kb2 77. Qb6+ (77. Qxh5 $5 Qd6+ $8 78. Kh7 $11) 77... Ka1 78. Qa7+ Kb2 79. Qb7+ Ka1 80. Qa6+ Kb2 81. Qb5+ Ka1 82. Qe5+ (82. Qxh5 $5 Qd6+ $8 83. Kf5 $11) 82... Kb1 83. Qf5+ (83. Kh6 $11) 83... Ka1 $16 84. Qf6+ ({But not} 84. Qxh5 $6 Qd6+ 85. Kh7 Qe7+ 86. Kg8 Qd8+ 87. Kf7 Qd7+ 88. Kg6 Qd6+ 89. Kf5 Qc5+ 90. Kg4 Qb4+ 91. Kg3 Qe1+ 92. Kh3 Qe3+ 93. Kg4 Qe2+ 94. Kg5 Qe5+ 95. Kg6 Qe8+ 96. Kh6 Qh8+ 97. Kg6 Qe8+ 98. Kh6 Qh8+ 99. Kg6 Qe8+ $11) 84... Kb1 85. Qe6 ({White should try} 85. Kh6 $16) 85... Qg4+ $11 {[%emt 0:00:07] The position is equal.} 86. Qxg4 hxg4 87. h5 Ka2 {[%emt 0:01:19] Weighted Error Value: White=0.08 (flawless) /Black=0.06 (flawless)} 1/2-1/2

[Event "20th Delhi GM Open 2023"]
[Site "New Delhi"]
[Date "2023.03.29"]
[Round "9.6"]
[White "Paichadze, Luka"]
[Black "Audi Ameya"]
[Result "1-0"]
[ECO "C45"]
[WhiteElo "2515"]
[BlackElo "2387"]
[Annotator "TA"]
[PlyCount "71"]
[EventDate "2023.03.23"]
[EventType "swiss"]
[EventCountry "IND"]
[SourceTitle "playchess.com"]
[Source "ChessBase"]
[SourceQuality "1"]
[TimeControl "5400+30"]

1. e4 e5 2. Nf3 Nc6 3. d4 exd4 4. Nxd4 Qf6 5. Nf3 Bb4+ 6. c3 {[%emt 0:00:23] C45: Scotch Game.} Bc5 7. Be2 Nge7 8. O-O {[%emt 0:00:20] The position is equal.} h6 {[%emt 0:00:02] Prevents Bg5.} 9. a4 O-O 10. Na3 a6 {[%emt 0:07:50] Prevents Nb5.} 11. Nc2 {[%emt 0:00:19] [#]} Ba7 $146 ({Predecessor:} 11... d6 12. b4 Bb6 13. a5 Ba7 14. Ra3 Qg6 15. Bd3 Bh3 16. Nh4 Qf6 17. Qh5 Ne5 {½-½ Zawadzka,J (2409)-Ortega Amarelle,M (2476) Sharjah Masters 5th 2022 (6)}) 12. Be3 Ng6 13. Bxa7 Rxa7 14. g3 {[%emt 0:11:24] Repels Nf4} d6 15. Ne3 Bh3 16. Re1 Re8 17. Nd2 Raa8 18. f4 Nf8 19. Bc4 (19. f5 $16) 19... Be6 $14 20. Bf1 Ne7 $2 {[%emt 0:02:06] A mistake that costs the game.} (20... Nh7 $14) 21. f5 $18 {[%emt 0:04:13] [#] Threatens to win with Ng4.} Bxf5 22. exf5 {[%emt 0:00:09] Ne4 is the strong threat.} ({Resist} 22. Nxf5 $6 Nxf5 23. exf5 Qxf5 $18) 22... d5 {[%emt 0:00:07] Prevents Ne4} 23. Nf3 Qb6 24. Qd4 c5 (24... Qxd4 $142 25. Nxd4 Nh7) 25. Nxd5 {[%emt 0:01:56] White is clearly winning.} Qxb2 26. Nxe7+ Rxe7 27. Qxc5 Rd7 28. Qb4 Qc2 29. Nd4 Qd2 30. Re2 Qg5 31. Rae1 {[%emt 0:00:26] [#] Black must now prevent Re8.} Qd8 {[%emt 0:01:35] Wards off Re8} 32. Bg2 Rc8 33. Bxb7 a5 34. Qb3 Rb8 35. Nc6 Rdxb7 36. Qxb7 {[%emt 0:00:44] Weighted Error Value: White=0.26 (precise) /Black=0.43} 1-0

[Event "20th Delhi GM Open 2023"]
[Site "New Delhi"]
[Date "2023.03.29"]
[Round "9.7"]
[White "Aleksandrov, Aleksej"]
[Black "Nitin, S.."]
[Result "1-0"]
[ECO "E94"]
[WhiteElo "2484"]
[BlackElo "2381"]
[Annotator "TA"]
[PlyCount "51"]
[EventDate "2023.03.23"]
[EventType "swiss"]
[EventCountry "IND"]
[SourceTitle "playchess.com"]
[Source "ChessBase"]
[SourceQuality "1"]
[TimeControl "5400+30"]

1. d4 Nf6 2. c4 g6 3. Nc3 Bg7 4. e4 d6 5. Be2 O-O 6. Nf3 e5 7. O-O Nbd7 8. Qc2 Qe7 9. Rd1 c6 10. dxe5 {[%emt 0:01:49] E94: King's Indian: Classical: 6 Be2 e5 7 0-0: Various Black 7th moves.} (10. d5 $14) 10... Nxe5 $11 11. Nxe5 dxe5 {[%emt 0:04:22] [#]} 12. Rb1 $146 {[%emt 0:00:09] The position is equal.} ({Predecessor:} 12. h3 Be6 13. Bg5 Rfd8 14. b3 h6 15. Rxd8+ Rxd8 16. Be3 b6 17. Rd1 Rxd1+ 18. Qxd1 {½-½ Selvaraj,H-Sanitt,L (1873) ENG-ch Schools Final 2022 (2.3)}) 12... Ne8 13. b4 Nc7 14. b5 Ne6 (14... Rd8 $1 $11) 15. bxc6 $14 bxc6 16. Qa4 $1 $36 {[%emt 0:00:03][%mdl 2048] White has some pressure. White is more active.} Nd4 17. Ba3 c5 18. Qa5 Qh4 (18... Nxe2+ 19. Nxe2 Qe6 20. Bxc5 $16 (20. Qxc5 Re8 $16)) ({Black should play} 18... Qd8 $1 $14 19. Qxc5 Re8) 19. Bxc5 $16 (19. Qxc5 $6 Be6 $11) 19... Re8 20. Bf1 (20. Bxa7 $2 Qe7 21. Nb5 Nxe2+ 22. Kh1 Nd4 $19) 20... Bg4 21. Rd3 Be6 22. Nd5 (22. Bxa7 $2 {perishes.} Qe7 23. Nb5 Nxb5 24. cxb5 Rxa7 $19) 22... Qxe4 {[%emt 0:07:33] [#]} 23. Nc7 ({Inferior is} 23. Bxa7 Nc6 24. Qc7 Nxa7 $17) 23... Bxc4 24. Re1 Ne2+ $2 (24... Qc6 $16) 25. Bxe2 $18 Bxd3 26. Bf3 {[%emt 0:00:31][%mdl 64] Pin, Skewer, Deflection.   Weighted Error Value: White=0.08 (flawless) /Black=0.40} ({Stronger than} 26. Nxa8 Bxe2 27. Nc7 Rc8 $15) 1-0

[Event "20th Delhi GM Open 2023"]
[Site "New Delhi"]
[Date "2023.03.29"]
[Round "9.8"]
[White "Rakhmatullaev, Almas"]
[Black "Fedorov, Alexei"]
[Result "0-1"]
[ECO "B22"]
[WhiteElo "2275"]
[BlackElo "2477"]
[Annotator "TA"]
[PlyCount "100"]
[EventDate "2023.03.23"]
[EventType "swiss"]
[EventCountry "IND"]
[SourceTitle "playchess.com"]
[Source "ChessBase"]
[SourceQuality "1"]
[TimeControl "5400+30"]

1. e4 c5 2. c3 Nf6 3. e5 Nd5 4. Nf3 d6 5. d4 cxd4 6. cxd4 Nc6 7. Bc4 dxe5 8. dxe5 Ndb4 9. O-O {[%emt 0:00:07] The modern move. B22: Sicilian: 2 c3.} Qxd1 10. Rxd1 Bg4 {[%emt 0:03:28] [#] Threatens to win with ...Nc2.} (10... Nc2 11. Na3 Nxa3 12. bxa3 $16) 11. Nc3 {[%emt 0:00:08] The position is equal.} e6 12. Bf4 Bxf3 13. gxf3 g5 14. Bg3 (14. Bxg5 Rg8 15. h4 (15. f4 h6 $17 {[%mdl 64] Pin}) 15... h6 $17) 14... Bg7 15. a3 Nc2 16. Rac1 N2d4 17. Nb5 {[%emt 0:01:07] [#]} Bxe5 $146 ({Resist} 17... Nxf3+ 18. Kg2 $14) (17... Rd8 {simplifies} 18. Nxd4 Nxd4 19. Kg2 O-O) ({Predecessor:} 17... Rd8 18. Nxd4 {½-½ Khamrakulov,D (2492)-Song,M (2409) New York Summer GM-A 2022 (1)}) 18. Bxe5 Nxf3+ {[%emt 0:00:06] Excellent horsemanship.} 19. Kg2 Nfxe5 ({Not} 19... Nh4+ 20. Kh3 Nxe5 21. Nc7+ Ke7 22. Nxa8 $16) 20. Nc7+ Ke7 {[%emt 0:00:06] aiming for ...Rac8.} 21. Nxa8 Rxa8 22. Ba2 Ng6 23. b4 a6 24. Bb1 (24. Bb3 $11 {should be considered.}) 24... f5 25. Rc5 h5 26. Kf1 Nf4 27. h4 gxh4 $17 28. Bxf5 {[%emt 0:00:12][%cal Oc5c4] [#]} exf5 ({Black should play} 28... h3 $1 $19 29. Be4 Rg8) 29. Rxf5 Ng6 30. Re1+ Kd7 31. Rxh5 Nce7 {[%emt 0:02:56] Inhibits Rd5+.} 32. b5 a5 33. b6 Ra6 34. Re4 Rxb6 {[%emt 0:03:35] White must now prevent ...Rb1+.} 35. Rxa5 Rb3 36. Rb4 ({Better is} 36. a4 $15) 36... Rxb4 37. axb4 Nf4 {[%emt 0:00:26] ...Kc6 is the strong threat.} 38. f3 $2 {[%emt 0:03:12][%mdl 8192] White does not recover from this.} (38. Rc5 $17) 38... Ned5 $19 39. Kg1 b6 ({Weaker is} 39... Nxb4 40. Rb5 Nbd3 41. Rxb7+ Kd8 42. Rh7 $11) 40. Ra7+ Kc6 {[%emt 0:00:09][%cal Oc6b5] Strongly threatening ...Kb5!} 41. Kf2 Kb5 42. Ke1 Kxb4 43. Kd2 h3 44. Rh7 {[%emt 0:00:24] Against Nh5} Kb3 {[%emt 0:01:38] And now ...b5 would win.} 45. Rb7 Kc4 (45... Nh5 $142 46. Rh7 Ndf6) 46. Kc2 Nh5 47. Rh7 Ndf4 {[%emt 0:00:23] ( -> ...h2)} 48. Re7 h2 {[%emt 0:00:08] Black mates.} 49. Re4+ Kd5 50. Re1 Ng3 {[%emt 0:00:08] Weighted Error Value: White=1.03/Black=0.19 (very precise)} 0-1